 Dungeon Crawl Stone Soup version 0.31-a0-472-g43a2ca8e1b (webtiles) character file.

Game seed: 10218334181671045882

3790 Ethylacetat the Mimic (level 10, -1/71 HPs)
             Began as an Octopode Shapeshifter on Aug 6, 2023.
             Was an Initiate of Gozag.
             Succumbed to a killer bee's poison
             ... on level 8 of the Dungeon.
             The game lasted 00:09:22 (6963 turns).

Ethylacetat the Mimic (Octopode Shapeshifter)       Turns: 6963, Time: 00:09:23

Health: -1/71      AC:  1    Str: 13 (14) XL:     10   Next: 16%
Magic:  19/19      EV: 13    Int: 11 (14) God:    Gozag
Gold:   1230       SH:  0    Dex: 14 (17) Spells: 9/9 levels left

rFire   + . .        s - +12 long sword of Resourcefulness {speed, +Blink rF+ rC- Int+3}
rCold   + . .        (no shield)
rNeg    . . .        (helmet currently unavailable)
rPois   +            (no amulet)
rElec   +            i - ring of resist corrosion
rCorr   +            a - ring of Quidwam {rF- rC+ Will+ MP+9 Stlth+}
SInv    .            (no ring)
Will    ++...        (no ring)
Stlth   +++          (no ring)
HPRegen 0.31/turn    (no ring)
MPRegen 0.16/turn    (no ring)
                     (no ring)

%: no passive effects
@: lethally poisoned (-1 -> -18), beast-form, resistant, enlightened, flying
A: beast (slay +6), almost no armour, amphibious, 8 rings, camouflage 1,
gelatinous body 1, (nimble swimmer 1), tentacles
a: Begin Untransformation, Renounce Religion, Evoke Blink, Potion Petition, Call
Merchant, Bribe Branch


You were on level 8 of the Dungeon.
You worshipped Gozag.
Gozag was most pleased with you.
You were a hulking beast.
You visited 2 branches of the dungeon, and saw 9 of its levels.

You collected 1230 gold pieces.

Inventory:

Hand Weapons
 l - a +2 dagger of speed
 s - the +12 long sword of Resourcefulness (weapon) {speed, +Blink rF+ rC- Int+3}
   (You found it on level 4 of the Dungeon)

   Int:       It affects your intelligence (+3).
   rF:        It protects you from fire.
   rC:        It makes you vulnerable to cold.
   +Blink:    It lets you blink.
Jewellery
 a - the ring of Quidwam (right tentacle) {rF- rC+ Will+ MP+9 Stlth+}
   (You found it on level 3 of the Dungeon)

   [ring of magical power]

   rF:        It makes you vulnerable to fire.
   rC:        It protects you from cold.
   MP:        It affects your magic capacity (+9).
   Will:      It increases your willpower.
   Stlth:     It makes you more stealthy.
 i - a ring of resist corrosion (left tentacle)
Talismans
 b - a beast talisman (active)
Wands
 w - a wand of charming (7)
 z - a wand of polymorph (12)
 A - a wand of flame (7)
Scrolls
 c - 5 scrolls of identify {unknown}
 d - a scroll of blinking {unknown}
 g - 4 scrolls of teleportation {unknown}
 o - a scroll of torment {unknown}
 p - a scroll of revelation {unknown}
 q - 2 scrolls of fear {unknown}
 t - a scroll of immolation {unknown}
 y - a scroll of enchant armour {unknown}
Potions
 e - a potion of enlightenment
 j - a potion of might {unknown}
 k - a potion of degeneration
 m - a potion of magic {unknown}
 n - a potion of mutation {unknown}
 r - a potion of heal wounds {unknown}
 u - a potion of experience {unknown}
 v - a potion of haste {unknown}
 x - 2 potions of attraction {unknown}


   Skills:
 + Level 7.1 Fighting
 + Level 6.3 Long Blades
 - Level 2.0 Dodging
 - Level 4.2 Unarmed Combat
 * Level 9.1 Shapeshifting


You had 9 spell levels left.
You didn't know any spells.
Your spell library contained the following spells:

 Spells                   Type           Power      Damage    Failure   Level
 Freeze                   Ice            0%         1d3       34%         1
 Frozen Ramparts          Ice            0%         1d1       71%         3
 Hailstorm                Conj/Ice       0%         3d3       71%         3
 Ozocubu's Armour         Ice            0%         N/A       71%         3
 Metabolic Englaciation   Hex/Ice        0%         N/A       100%        5
 Simulacrum               Ice/Necr       Unusable   N/A       N/A         6

Dungeon Overview and Level Annotations

Branches:
Dungeon (8/15)             Temple (1/1) D:4
   Lair: D:8-11

Altars:
Cheibriados
Dithmenos
Elyvilon
Fedhas
Gozag
Makhleb
Nemelex Xobeh
Okawaru
Qazlal
Ru
Sif Muna
Trog
Uskayaw
Vehumet
Wu Jian
Xom
Yredelemnul
Zin
The Shining One

Shops:
D:1 [


Innate Abilities, Weirdness & Mutations

You are a hulking beast.
Your limbs bulge with bestial killing power. (Slay +6)
You cannot wear most types of armour.
You are amphibious.
You can wear up to eight rings at the same time.
Your skin changes colour to match your surroundings (Stealth+).
Your rubbery body absorbs attacks. (AC +1, EV +1)
((You are camouflaged when in or above water. (Stealth+)))
You have tentacles for arms and can constrict up to eight enemies at once.


Message History

You closely miss the killer bee. Your grab misses the killer bee.
Your squeeze misses the killer bee. The killer bee stings you.
You are poisoned.
The killer bee poisons you!
You miss the killer bee. Your grab misses the killer bee.
You squeeze the killer bee!
The killer bee is almost dead.
You feel sick. The killer bee stings you.
You are more poisoned.
The killer bee poisons you! The killer bee stings you.
You are more poisoned.
The killer bee poisons you!
The killer bee attacks as you move away!
The killer bee misses you.
The killer bee attacks as you move away!
The killer bee stings you!
You feel very sick. The killer bee stings you.
* * * LOW HITPOINT WARNING * * *
You are lethally poisoned!
The killer bee poisons you!
It was a potion of enlightenment.
You feel very buoyant.
You fly up into the air.
* * * LOW HITPOINT WARNING * * *
You feel very sick.
The killer bee stings you but does no damage.
The killer bee barely misses you.
It was a potion of resistance.
You feel protected.
* * * LOW HITPOINT WARNING * * *
You feel very sick.
The killer bee is no longer distracted by gold.
The killer bee barely misses you. The killer bee stings you!
* * * LOW HITPOINT WARNING * * *
It was a potion of degeneration.
There was something very wrong with that liquid.
You feel weakened.
You feel dopey.
You feel clumsy.
You die...
Your body crumbles into a pile of gold.

#........#
#.....!..####
#............
#?..........#
#.........#.##
#.......# #.. ###
#....yW.# ..#...##
#####y#####.#....#
#h##...P..P..#
#....~.)~..♣
#.P..~)♣~♣.P♣
#....)~~~~~..P.
#♣...♣♣~~~~P.P.
#..P..~.♣~♣...♣ ####
#.##....♣♣.....
..#######.###........##
#.##.......[##........


You could see a wraith and 2 killer bees.

Vanquished Creatures
  Pikel (D:7)
  Joseph (D:7)
  Sigmund (D:2)
  An acid dragon (D:6)
  A water moccasin (D:7)
  Duvessa (D:7)
  A sky beast (D:6)
  A black bear (D:5)
  2 orc warriors
  An ice beast (D:5)
  A centaur (D:7)
  A kobold brigand (D:7)
  3 bullfrogs (D:7)
  2 scorpions (D:5)
  10 wights
  Dowan (D:7)
  4 killer bees (D:8)
  2 howler monkeys
  5 electric eels (D:8)
  2 orc priests (D:5)
  2 hounds
  A gnoll bouda (D:5)
  Terence (D:2)
  2 iguanas
  4 orc wizards
  Robin (D:2)
  9 gnolls
  7 adders
  4 river rats (D:5)
  An ufetubus (D:6)
  4 dart slugs
  14 orcs
  5 endoplasms
  3 giant cockroaches (D:1)
  12 goblins
  10 hobgoblins
  4 jackals (D:4)
  6 kobolds
  2 quokkas
  3 ball pythons
  6 bats
  4 frilled lizards
  4 rats
151 creatures vanquished.

Vanquished Creatures (others)
  An orc (D:8)
1 creature vanquished.

Grand Total: 152 creatures vanquished

Notes
Turn   | Place    | Note
-------+----------+-------------------------------------------
     0 | D:1      | Ethylacetat the Octopode Shapeshifter began the quest for
                  | the Orb.
     0 | D:1      | Reached XP level 1. HP: 13/13 MP: 1/1
   175 | D:1      | Reached XP level 2. HP: 18/18 MP: 2/2
   232 | D:1      | Found Uwacurul's Antique Armour Shop.
   824 | D:2      | Found a faded altar of an unknown god.
   843 | D:2      | Prayed at the altar of an unknown god.
   843 | D:2      | Became a worshipper of Gozag Ym Sagoz the Greedy
   892 | D:2      | Noticed Robin
   896 | D:2      | Reached XP level 3. HP: 10/23 MP: 3/3
   910 | D:2      | Killed Robin
   979 | D:2      | Noticed Terence
   988 | D:2      | Killed Terence
   989 | D:2      | Reached XP level 4. HP: 8/29 MP: 4/4
  1593 | D:2      | Noticed Sigmund
  1618 | D:2      | Killed Sigmund
  1619 | D:2      | Reached skill level 4 in Shapeshifting
  1619 | D:2      | Reached XP level 5. HP: 12/36 MP: 5/5
  1619 | D:2      | Reached XP level 6. HP: 13/41 MP: 6/6
  2064 | D:3      | Identified the ring of Quidwam {rF- rC+ Will+ MP+9 Stlth+}
  2392 | D:3      | Found a glowing golden altar of the Shining One.
  2617 | D:4      | Identified the +12 long sword of Resourcefulness {speed,
                  | +Blink rF+ rC- Int+3}
  2798 | D:4      | Reached skill level 5 in Shapeshifting
  3204 | D:4      | Found a staircase to the Ecumenical Temple.
  3355 | Temple   | Entered the Ecumenical Temple
  3384 | D:5      | Entered Level 5 of the Dungeon
  3399 | D:5      | Reached skill level 1 in Long Blades
  3436 | D:5      | Reached XP level 7. HP: 46/46 MP: 7/7
  3739 | D:5      | Reached XP level 8. HP: 54/54 MP: 8/8
  3756 | D:5      | Reached skill level 6 in Shapeshifting
  4060 | D:5      | Found a white marble altar of Elyvilon.
  4545 | D:6      | Identified the +1 hand axe "Lifebane" {heavy, Drain +Blink
                  | Will+ Dex+4}
  4573 | D:6      | Reached skill level 5 in Fighting
  5005 | D:7      | Noticed Joseph
  5012 | D:6      | HP: 1/55 [wight/+0 mace (14)]
  5350 | D:7      | Killed Joseph
  5351 | D:7      | Reached skill level 7 in Shapeshifting
  5351 | D:7      | Reached XP level 9. HP: 16/61 MP: 9/9
  5559 | D:7      | Noticed Pikel
  5567 | D:7      | Killed Pikel
  5568 | D:7      | Reached skill level 5 in Long Blades
  5622 | D:7      | Reached skill level 8 in Shapeshifting
  6181 | D:7      | Noticed Duvessa
  6183 | D:7      | Noticed Dowan
  6192 | D:7      | Killed Duvessa
  6193 | D:7      | Killed Dowan
  6712 | D:8      | Reached XP level 10. HP: 64/69 MP: 10/10
  6892 | D:8      | Reached skill level 9 in Shapeshifting
  6944 | D:8      | Found a burning altar of Makhleb.
  6962 | D:8      | HP: 3/71 [killer bee (7)]
  6963 | D:8      | Succumbed to a killer bee's poison

Illustrated notes

Levels and vault maps discovered:
D:1:      lemuel_arrival_behind_the_door_small, layout_loops_ring, serial_shops,
          shop
D:2:      layout_loops_corners, shapermc_ecumenical_altar_starsandcircs,
          uniq_robin, uniq_terence, uniq_sigmund
D:3:      layout_rooms, overflow_temple_1_default
D:4:      layout_cave_pools, lemuel_temple_firewalk_b
D:5:      wad_woods_tower, layout_loops_cross, amcnicky_altar_gilded
D:6:      layout_loops_ring
D:7:      layout_cave_pods, uniq_pikel, uniq_duvessa, uniq_joseph
D:8:      lemuel_slime, layout_rooms, bloody_makhleb, david_lair_generic,
          serial_bayou, serial_bayou_lagoon_b, serial_bayou_pond_a,
          serial_bayou_shore_b, serial_bayou_lagoon_a,
          chequers_serial_rivers_small_b, uniq_maggie
Temple:   regret_index_temple_sphere_string

Skill      XL: |  1  2  3  4  5  6  7  8  9 10 |
---------------+-------------------------------+-----
Fighting       | 2 3 4 5 6 7 |  7.1
Unarmed Combat | 4 |  4.2
Shapeshifting  | 4 5 7 8 9 |  9.1
Long Blades    | 1 2 4 5 6 |  6.3
Dodging        | |  2.0

Action                     |  1- 3 |  4- 6 |  7- 9 | 10-12 || total
---------------------------+-------+-------+-------+-------++-------
  Melee: Unarmed           |    31 |       |       |       ||    31
         Constrict         |    15 |    28 |    31 |     4 ||    78
         Tentacles         |     8 |    19 |    29 |     4 ||    60
         Dagger            |    21 |    73 |       |       ||    94
         Punch             |     1 |     4 |     8 |       ||    13
         Long sword        |       |    28 |   118 |    18 ||   164
  Evoke: Wand              |       |       |     2 |     6 ||     8
    Use: Potion            |       |     2 |     2 |     3 ||     7
   Stab: Sleeping          |     6 |     8 |    13 |       ||    27
         Distracted        |     1 |       |     2 |       ||     3
 Armour: Skin              |     3 |     6 |     3 |     1 ||    13
  Dodge: Dodged            |    14 |    45 |    53 |    12 ||   124

Table legend: (Time is in decaauts)
 A = Elapsed time spent in this place.
 B = Non-inter-level travel time spent in this place.
 C = Inter-level travel time spent in this place.
 D = Time resting spent in this place.
 E = Time spent auto-exploring this place.
 F = Levels seen in this place.
 G = Mean time per level.
                   A        B        C        D        E       F      G
               +--------+--------+--------+--------+--------+-----+--------+
         Total |   6909 |   6681 |    228 |    551 |   5261 |   9 |  767.7 |
       Dungeon |   6908 |   6680 |    228 |    551 |   5261 |   8 |  863.5 |
        Temple |      1 |      1 |      0 |      0 |      0 |   1 |    1.0 |
               +--------+--------+--------+--------+--------+-----+--------+

Top non-repeatable levels by time:
     D:7: 1297 daAuts
     D:2: 1151 daAuts
     D:6: 985 daAuts
     D:5: 957 daAuts
     D:1: 812 daAuts
     D:4: 808 daAuts
     D:3: 584 daAuts
     D:8: 311 daAuts
  Temple: 1 daAuts
